 Dungeon Crawl Stone Soup version 0.27-a0-1513-g2aaa0cc67b (console) character file.

Game seed: 5067590417810246558

613 jejorda2 the Spear-Bearer (level 7, 0/72 (84) HPs)
             Began as a Merfolk Berserker on July 9, 2021.
             Was a Believer of Trog.
             Slain by a steam dragon (3 damage)
             ... on level 7 of the Dungeon.
             The game lasted 00:06:44 (3469 turns).

jejorda2 the Spear-Bearer (Merfolk Berserker)       Turns: 3469, Time: 00:06:44

HP:   0/72 (84)     AC:  9    Str: 20    XL:     7   Next: 44%
MP:   7/7           EV:  8    Int:  6    God:    Trog [**....]
Gold: 186           SH:  0    Dex: 13    Spells: 6/6 levels left

rFire    . . .     SeeInvis .   a - +0 halberd
rCold    . . .     Faith    .   (shield currently unavailable)
rNeg     . . .     Spirit   .   g - +0 chain mail
rPois    .         Reflect  .   (no helmet)
rElec    .         Harm     .   (no cloak)
rCorr    .         Rampage  .   (no gloves)
Will     ++...                  (no boots)
Stlth    ..........             (no amulet)
HPRegen  1.22/turn              (no ring)
MPRegen  0.10/turn              (no ring)

@: berserking, strong-willed, regenerating, heavily drained, very quick
A: (nimble swimmer 2), mertail
a: Renounce Religion, Berserk, Trog's Hand


You were on level 7 of the Dungeon.
You worshipped Trog.
Trog was pleased with you.
You visited 1 branch of the dungeon, and saw 5 of its levels.

You collected 186 gold pieces.

Inventory:

Hand Weapons
 a - a +0 halberd (weapon)
 h - a +0 spear
Missiles
 l - a throwing net (quivered)
Armour
 g - a +0 chain mail (worn)
Scrolls
 b - a scroll of holy word {unknown}
 d - a scroll of fear {unknown}
 i - a scroll of identify {unknown}
 k - a scroll of noise {unknown}
 m - a scroll of fog {unknown}
Potions
 c - 2 potions of attraction {unknown}
 e - a potion of flight {unknown}
 f - a potion of heal wounds {unknown}
 j - a potion of mutation {unknown}


   Skills:
 + Level 5.3 Fighting
 * Level 9.1 Polearms
 + Level 3.2 Armour
 - Level 2.6 Dodging


You had 6 spell levels left.
You didn't know any spells.
Your spell library was empty.

Dungeon Overview and Level Annotations

Branches:
Dungeon (4/15)
 Temple: D:4-7

Altars:
Zin

Shops:
D:1 =


Innate Abilities, Weirdness & Mutations

((You are quick and stealthy near water. (Stealth+, EV+, Speed+++)))
Your lower body shifts to a powerful aquatic tail in water.


Message History

You are no longer poisoned.
Items here: ( ).
You slash the kobold!
You kill the kobold!
Trog accepts your kill.
Okay, then.
Your skin crawls.
You feel strong-willed.
You recover from your berserk rage.
Items here: (( )))))) [[ ††††.
You barely miss the steam dragon. The steam dragon breathes steam at you.
The ball of steam hits you!
You slash the steam dragon!
The steam dragon is moderately wounded.
You are engulfed in a cloud of scalding steam.
* * * LOW HITPOINT WARNING * * *
The steam dragon bites you but does no damage.
The steam dragon claws you but does no damage.
You slash the steam dragon!
The steam dragon is almost dead.
You are engulfed in a cloud of scalding steam.
* * * LOW HITPOINT WARNING * * *
The steam dragon bites you but does no damage.
The steam dragon closely misses you.
A red film seems to cover your vision as you go berserk!
You feel yourself moving faster!
You feel mighty!
You are engulfed in a cloud of scalding steam.
* * * LOW HITPOINT WARNING * * *
The steam dragon breathes steam at you. The ball of steam hits you.
* * * LOW HITPOINT WARNING * * *
You barely miss the steam dragon.
The steam dragon is almost dead.
The steam dragon bites you but does no damage.
The steam dragon claws you but does no damage.
You closely miss the steam dragon.
The steam dragon is almost dead.
The steam dragon bites you.
You die...

..........#
..........#
......$...#
..........#
..........#
..........# #
..........#####.#
..........D@§§§.#
..........#######
###K####### #


You could see a steam dragon (catching breath).

Vanquished Creatures
  Sigmund (D:2)
  A kobold brigand (D:7)
  A bullfrog (D:4)
  A scorpion (D:7)
  A scorpion zombie (D:3)
  2 orc wizards
  5 adders
  5 gnolls
  A worm (D:2)
  An adder skeleton (D:4)
  3 dart slugs
  6 orcs
  5 ball pythons
  6 endoplasms
  5 giant cockroaches
  6 hobgoblins
  5 jackals
  5 quokkas
  7 bats
  4 frilled lizards
  6 goblins
  11 kobolds
  4 rats (D:1)
92 creatures vanquished.

Notes
Turn   | Place    | Note
-------+----------+-------------------------------------------
     0 | D:1      | jejorda2 the Merfolk Berserker began the quest for the Orb.
     0 | D:1      | Reached XP level 1. HP: 18/18 MP: 1/1
   436 | D:1      | Reached XP level 2. HP: 22/24 MP: 2/2
   515 | D:1      | Reached skill level 5 in Polearms
   660 | D:1      | Found Mekheter's Jewellery Emporium.
   746 | D:1      | Reached XP level 3. HP: 30/30 MP: 3/3
  1273 | D:2      | Found a faded altar of an unknown god.
  1278 | D:2      | Reached ** piety under Trog
  1395 | D:2      | Reached XP level 4. HP: 37/37 MP: 4/4
  1476 | D:2      | Noticed Sigmund
  1487 | D:2      | Killed Sigmund
  1488 | D:2      | Reached skill level 7 in Polearms
  1488 | D:2      | Reached XP level 5. HP: 43/43 MP: 5/5
  1721 | D:2      | Reached XP level 6. HP: 17/49 MP: 6/6
  2433 | D:3      | Found a glowing silver altar of Zin.
  2765 | D:3      | Reached skill level 8 in Polearms
  3248 | D:4      | Reached skill level 5 in Fighting
  3248 | D:4      | Reached XP level 7. HP: 47/56 MP: 7/7
  3417 | D:4      | You fall into a shaft and drop 3 floors!
  3444 | D:7      | Reached skill level 9 in Polearms
  3456 | D:7      | Noticed a steam dragon
  3467 | D:7      | HP: 1/72 [steam dragon/ball of steam (4)]
  3469 | D:7      | Slain by a steam dragon

Illustrated notes

Levels and vault maps discovered:
D:1:      dpeg_arrival_refuge, layout_loops_corners, serial_shops,
          nicolae_diamond_shop
D:2:      layout_loops_ring, ebering_ecumenical_altar_sacrificial, uniq_sigmund
D:3:      layout_loops_ring, zin_academy
D:4:      layout_loops_cross, supply_closet_lemuel, minivault_27
D:7:      layout_basic, vehumet_statue, temple_fountains

Skill      XL: |  1  2  3  4  5  6  7 |
---------------+----------------------+-----
Polearms       | 5 7 8 9 |  9.1
Fighting       | 4 5 |  5.3
Armour         | 2 3 |  3.2
Dodging        | |  2.6

Action                   |  1- 3 |  4- 6 |  7- 9 || total
-------------------------+-------+-------+-------++-------
Melee: Spear             |   135 |   141 |       ||   276
       Halberd           |       |    13 |    60 ||    73
Invok: Berserk           |     2 |     3 |     2 ||     7
       Trog's Hand       |       |     3 |     2 ||     5
 Stab: Sleeping          |     1 |     1 |       ||     2
Armor: Leather armour    |    29 |     5 |       ||    34
       Chain mail        |       |    24 |    39 ||    63
Dodge: Dodged            |    50 |    43 |    19 ||   112

Table legend: (Time is in decaauts)
 A = Elapsed time spent in this place.
 B = Non-inter-level travel time spent in this place.
 C = Inter-level travel time spent in this place.
 D = Time resting spent in this place.
 E = Time spent auto-exploring this place.
 F = Levels seen in this place.
 G = Mean time per level.
                   A        B        C        D        E       F      G
               +--------+--------+--------+--------+--------+-----+--------+
         Total |   3464 |   3370 |     94 |    198 |   2617 |   5 |  692.8 |
       Dungeon |   3464 |   3370 |     94 |    198 |   2617 |   5 |  692.8 |
               +--------+--------+--------+--------+--------+-----+--------+

Top non-repeatable levels by time:
     D:1: 1316 daAuts
     D:2: 1103 daAuts
     D:3: 806 daAuts
     D:4: 181 daAuts
     D:7: 57 daAuts
